RL
NIAGARA FALLS RAPIDS @ CHESAPEAKE MALLARDS
04/25/2060
 
TOP OF THE 1ST
Niagara Falls Rapids batting - Pitching for Chesapeake Mallards : LHP Latif Williamson
Pitching: LHP Latif Williamson
Batting: RHB Jeffery Blair 0-0: Ground out 5-3 (Groundball, 15, EV 80.6 MPH)
Batting: RHB Max Blum 0-0: Called Strike
0-1: Hit by Pitch
Batting: LHB Brody Turnbough 0-0: Ball
1-0: Ball
2-0: Called Strike
2-1: Ball
Max Blum is caught stealing 2nd base 2-6
3-1: SINGLE (Line Drive, 4MD, EV 94.4 MPH)
Batting: SHB Dustin Gaspard 0-0: Called Strike
Brody Turnbough steals 2nd base (no throw)
0-1: Ball
1-1: Swinging Strike
1-2: Ball
2-2: Foul Ball, location: 2F
2-2: Strikes out swinging
Top of the 1st over - 0 runs, 1 hit, 0 errors, 1 left on base; Niagara Falls 0 - Chesapeake 0
BOTTOM OF THE 1ST
Chesapeake Mallards batting - Pitching for Niagara Falls Rapids : RHP Greyson Beauchamp
Pitching: RHP Greyson Beauchamp
Batting: RHB Justin Reaves 0-0: Ball
1-0: Called Strike
1-1: Ball
2-1: Ball
3-1: Fly out, F8 (Line Drive, 8LD, EV 96.2 MPH)
Batting: RHB Elias Howard 0-0: Called Strike
0-1: Foul Ball, location: 2F
0-2: Ball
1-2: DOUBLE (Line Drive, 9LM, EV 98.1 MPH)
Batting: LHB Justin Rice 0-0: Called Strike
0-1: 2-RUN HOME RUN (Flyball, 7D, EV 98.8 MPH), Distance : 371 ft
Batting: LHB Justin Long 0-0: Ball
1-0: Called Strike
1-1: Called Strike
1-2: Ball
2-2: Ball
3-2: Foul Ball, location: 2F
3-2: Foul Ball, location: 2F
3-2: Fly out, F8 (Flyball, 78D, EV 100.6 MPH)
Batting: RHB Trystan Didkowsky 0-0: Fly out, F8 (Line Drive, 89M, EV 96.9 MPH)
Bottom of the 1st over - 2 runs, 2 hits, 0 errors, 0 left on base; Niagara Falls 0 - Chesapeake 2
TOP OF THE 2ND
Niagara Falls Rapids batting - Pitching for Chesapeake Mallards : LHP Latif Williamson
Batting: RHB Sean Hootman 0-0: Called Strike
0-1: Swinging Strike
0-2: Ball
1-2: Foul Ball, location: 2F
1-2: Ground out 4-3 (Groundball, 4M, EV 105.6 MPH)
Batting: RHB Frank Taft 0-0: Called Strike
0-1: Fly out, F7 (Flyball, 7, EV 88.8 MPH)
Batting: SHB Cody Miller 0-0: Called Strike
0-1: Called Strike
0-2: Strikes out looking
Top of the 2nd over - 0 runs, 0 hits, 0 errors, 0 left on base; Niagara Falls 0 - Chesapeake 2
BOTTOM OF THE 2ND
Chesapeake Mallards batting - Pitching for Niagara Falls Rapids : RHP Greyson Beauchamp
Batting: SHB Bryson Daly 0-0: Ball
1-0: Ground out 3-1 (Groundball, 34, EV 105.0 MPH)
Batting: LHB Cole Hasten 0-0: Called Strike
0-1: Foul Ball, location: 2F
0-2: Ball
1-2: Ball
2-2: Strikes out swinging
Batting: LHB Riley Clifford 0-0: Called Strike
0-1: Swinging Strike
0-2: Ball
1-2: Ball
2-2: Ball
3-2: Base on Balls
Batting: RHB Cristian Schmidt 0-0: Called Strike
0-1: Called Strike
0-2: Ball
1-2: Ball
2-2: Ball
3-2: Base on Balls
Riley Clifford to second
Batting: RHB Justin Reaves 0-0: Called Strike
0-1: Ball
1-1: Fly out, F8 (Line Drive, 8LD, EV 90.6 MPH)
Bottom of the 2nd over - 0 runs, 0 hits, 0 errors, 2 left on base; Niagara Falls 0 - Chesapeake 2
TOP OF THE 3RD
Niagara Falls Rapids batting - Pitching for Chesapeake Mallards : LHP Latif Williamson
Batting: RHB Bryson Tonn 0-0: Ball
1-0: Ball
2-0: Ball
3-0: Base on Balls
Batting: RHB Isaac Cologgi 0-0: Ball
1-0: Called Strike
1-1: Swinging Strike
1-2: Ball
2-2: Ball
3-2: Reached on error, E4 (Groundball, 4, EV 81.2 MPH)
Bryson Tonn to second
Batting: RHB Jeffery Blair 0-0: Ball
1-0: Swinging Strike
1-1: Ball
2-1: Ball
3-1: Foul Ball, location: 2F
3-2: Foul Ball, location: 2F
3-2: Fielders Choice at 2nd, 5-4 (Groundball, 56S, EV 80.0 MPH)
Bryson Tonn to third
Batting: RHB Max Blum 0-0: Ball
Jeffery Blair steals 2nd base
1-0: Ball
2-0: Ball
3-0: Base on Balls
Batting: LHB Brody Turnbough 0-0: Called Strike
0-1: Ball
1-1: Fly out, F8 (Line Drive, 78M, EV 104.4 MPH)
Batting: SHB Dustin Gaspard 0-0: Called Strike
0-1: Ball
1-1: Ball
2-1: Called Strike
2-2: Fly out, F7 (Flyball, 78D, EV 94.4 MPH)
Top of the 3rd over - 0 runs, 0 hits, 1 error, 3 left on base; Niagara Falls 0 - Chesapeake 2
BOTTOM OF THE 3RD
Chesapeake Mallards batting - Pitching for Niagara Falls Rapids : RHP Greyson Beauchamp
Batting: RHB Elias Howard 0-0: Ball
1-0: Ball
2-0: Ground out 4-3 (Groundball, 4, EV 80.6 MPH)
Batting: LHB Justin Rice 0-0: Ball
1-0: Called Strike
1-1: TRIPLE (Flyball, 7D, EV 101.2 MPH)
Batting: LHB Justin Long 0-0: Ball
1-0: Foul Ball, location: 2F
1-1: Ball
2-1: Fly out, F9 (Flyball, 9D, EV 83.1 MPH)
Runner from 3rd tags up, SCORES, no throw by RF
Batting: RHB Trystan Didkowsky 0-0: Swinging Strike
0-1: Swinging Strike
0-2: Ball
1-2: Strikes out swinging
Bottom of the 3rd over - 1 run, 1 hit, 0 errors, 0 left on base; Niagara Falls 0 - Chesapeake 3
TOP OF THE 4TH
Niagara Falls Rapids batting - Pitching for Chesapeake Mallards : LHP Latif Williamson
Batting: RHB Sean Hootman 0-0: Ball
1-0: Ball
2-0: Ball
3-0: Base on Balls
Batting: RHB Frank Taft 0-0: Called Strike
0-1: Called Strike
Sean Hootman steals 2nd base
0-2: Ball
1-2: Ball
2-2: Ball
3-2: Foul Ball, location: 2F
3-2: 2-RUN HOME RUN (Flyball, 7D, EV 99.4 MPH), Distance : 384 ft
Batting: SHB Cody Miller 0-0: SOLO HOME RUN (Flyball, 9LD, EV 92.5 MPH), Distance : 352 ft
Batting: RHB Bryson Tonn 0-0: Foul Ball, location: 2F
0-1: Reached on error, E4 (Groundball, 4, EV 77.5 MPH)
Batting: RHB Isaac Cologgi 0-0: Ball
1-0: Ball
2-0: Ball
3-0: Called Strike
3-1: Base on Balls
Batting: RHB Jeffery Blair 0-0: Ball
1-0: Ball
2-0: 3-RUN HOME RUN (Line Drive, 78XD, EV 106.2 MPH), Distance : 420 ft
Pitching: RHP Raphael Ita
Batting: RHB Max Blum 0-0: SOLO HOME RUN (Line Drive, 78XD, EV 114.4 MPH), Distance : 434 ft
Batting: LHB Brody Turnbough 0-0: Called Strike
0-1: Foul Ball, location: 2F
0-2: Ball
1-2: SINGLE (Line Drive, 78M, EV 106.9 MPH)
Batting: SHB Dustin Gaspard 0-0: Ball
1-0: TRIPLE (Line Drive, 89XD, EV 98.8 MPH)
Brody Turnbough scores
Batting: RHB Sean Hootman 0-0: Ball
1-0: Swinging Strike
1-1: Ball
2-1: Foul Ball, location: 2F
2-2: Foul Ball, location: 2F
2-2: Strikes out swinging
Batting: RHB Frank Taft 0-0: Ball
1-0: Called Strike
1-1: Ball
2-1: Foul Ball, location: 2F
2-2: Ground out U3 (Groundball, 34S, EV 90.6 MPH)
Dustin Gaspard scores
Batting: SHB Cody Miller 0-0: Ball
1-0: Foul Ball, location: 2F
1-1: Swinging Strike
1-2: Ball
2-2: Strikes out swinging
Top of the 4th over - 9 runs, 6 hits, 1 error, 0 left on base; Niagara Falls 9 - Chesapeake 3
BOTTOM OF THE 4TH
Chesapeake Mallards batting - Pitching for Niagara Falls Rapids : RHP Greyson Beauchamp
Batting: SHB Bryson Daly 0-0: Ball
1-0: Ball
2-0: Ball
3-0: Called Strike
3-1: Foul Ball, location: 2F
3-2: Base on Balls
Batting: LHB Cole Hasten 0-0: Ball
1-0: Foul Ball, location: 2F
1-1: Ball
2-1: Swinging Strike
2-2: Strikes out swinging
Batting: LHB Riley Clifford 0-0: Ball
1-0: Foul Ball, location: 2F
1-1: Called Strike
1-2: Foul Ball, location: 2F
1-2: Foul Ball, location: 2F
1-2: Strikes out swinging
Batting: RHB Cristian Schmidt 0-0: Ball
1-0: Called Strike
1-1: Ball
2-1: Called Strike
2-2: Ball
3-2: Base on Balls
Bryson Daly to second
Pitching: RHP Tom Scherr
Batting: RHB Justin Reaves 0-0: Foul Ball, location: 2F
0-1: Ball
Wild Pitch!
Bryson Daly to third
Cristian Schmidt to second
1-1: Called Strike
1-2: Ground out 4-3 (Groundball, 4, EV 84.4 MPH)
Bottom of the 4th over - 0 runs, 0 hits, 0 errors, 2 left on base; Niagara Falls 9 - Chesapeake 3
TOP OF THE 5TH
Niagara Falls Rapids batting - Pitching for Chesapeake Mallards : RHP Raphael Ita
Batting: RHB Bryson Tonn 0-0: Called Strike
0-1: Fly out, F9 (Flyball, 9S, EV 80.6 MPH)
Batting: RHB Isaac Cologgi 0-0: Ball
1-0: Swinging Strike
1-1: Foul Ball, location: 2F
1-2: Strikes out looking
Batting: RHB Jeffery Blair 0-0: Called Strike
0-1: Ball
1-1: Foul Ball, location: 2F
1-2: Fly out, F6 (Line Drive, 6D, EV 64.4 MPH)
Top of the 5th over - 0 runs, 0 hits, 0 errors, 0 left on base; Niagara Falls 9 - Chesapeake 3
BOTTOM OF THE 5TH
Chesapeake Mallards batting - Pitching for Niagara Falls Rapids : RHP Tom Scherr
Batting: RHB Elias Howard 0-0: Ball
1-0: Foul Ball, location: 2F
1-1: Foul Ball, location: 2F
1-2: Ball
2-2: Foul Ball, location: 2F
2-2: Foul Ball, location: 2F
2-2: Strikes out swinging
Batting: LHB Justin Rice 0-0: Fly out, F8 (Flyball, 78M, EV 91.9 MPH)
Batting: LHB Justin Long 0-0: Called Strike
0-1: Swinging Strike
0-2: Foul Ball, location: 2F
0-2: Ball
1-2: Fly out, F7 (Flyball, 7D, EV 80.0 MPH)
Bottom of the 5th over - 0 runs, 0 hits, 0 errors, 0 left on base; Niagara Falls 9 - Chesapeake 3
TOP OF THE 6TH
Niagara Falls Rapids batting - Pitching for Chesapeake Mallards : RHP Raphael Ita
Batting: RHB Max Blum 0-0: Foul Ball, location: 2F
0-1: Ball
1-1: Foul Ball, location: 2F
1-2: Strikes out swinging
Batting: LHB Brody Turnbough 0-0: Reached on error, E1 (Groundball, 23, EV 67.5 MPH)
Pitching: RHP Namon Gorlenko
Batting: SHB Dustin Gaspard 0-0: Called Strike
0-1: Fly out, F8 (Line Drive, 8LD, EV 84.4 MPH)
Batting: RHB Sean Hootman 0-0: Called Strike
Brody Turnbough steals 2nd base
0-1: Foul Ball, location: 2F
0-2: Fly out, F9 (Flyball, 9LS, EV 96.9 MPH)
Top of the 6th over - 0 runs, 0 hits, 1 error, 1 left on base; Niagara Falls 9 - Chesapeake 3
BOTTOM OF THE 6TH
Chesapeake Mallards batting - Pitching for Niagara Falls Rapids : RHP Tom Scherr
Batting: RHB Trystan Didkowsky 0-0: Ball
1-0: Foul Ball, location: 2F
1-1: Foul Ball, location: 2F
1-2: Foul Ball, location: 2F
1-2: Ball
2-2: Ball
3-2: Base on Balls
Batting: SHB Bryson Daly 0-0: Called Strike
0-1: Ball
1-1: Ball
2-1: Fielders Choice at 2nd, 1-6 (Groundball, P, EV 70.6 MPH)
Batting: LHB Cole Hasten 0-0: Called Strike
0-1: SINGLE (Line Drive, 56, EV 96.9 MPH)
Bryson Daly to second
Batting: LHB Riley Clifford 0-0: Fly out, F7 (Line Drive, 78M, EV 104.4 MPH)
Batting: RHB Cristian Schmidt 0-0: Ball
1-0: Fielders Choice at 2nd, 5-4 (Groundball, 5, EV 105.0 MPH)
Bottom of the 6th over - 0 runs, 1 hit, 0 errors, 2 left on base; Niagara Falls 9 - Chesapeake 3
TOP OF THE 7TH
Niagara Falls Rapids batting - Pitching for Chesapeake Mallards : RHP Namon Gorlenko
Batting: RHB Frank Taft 0-0: Ball
1-0: Ball
2-0: Called Strike
2-1: Called Strike
2-2: Foul Ball, location: 2F
2-2: Strikes out swinging
Batting: SHB Cody Miller 0-0: Called Strike
0-1: Ball
1-1: Ball
2-1: Fly out, F8 (Flyball, 8LM, EV 91.9 MPH)
Batting: RHB Bryson Tonn 0-0: Hit by Pitch
Batting: RHB Isaac Cologgi 0-0: Swinging Strike
0-1: Called Strike
0-2: Strikes out swinging
Top of the 7th over - 0 runs, 0 hits, 0 errors, 1 left on base; Niagara Falls 9 - Chesapeake 3
BOTTOM OF THE 7TH
Chesapeake Mallards batting - Pitching for Niagara Falls Rapids : RHP Tom Scherr
Batting: RHB Justin Reaves 0-0: Ball
1-0: SINGLE (Flyball, 4D, EV 90.6 MPH)
Batting: RHB Elias Howard 0-0: Ball
1-0: Foul Ball, location: 2F
1-1: Ball
2-1: Foul Ball, location: 2F
2-2: Foul Ball, location: 2F
2-2: Fielders Choice at 2nd, 6-4 (Groundball, 6MD, EV 90.6 MPH)
Batting: LHB Justin Rice 0-0: Called Strike
0-1: Ball
1-1: Called Strike
1-2: Ball
2-2: SINGLE (Groundball, 4MD, EV 94.4 MPH)
Elias Howard to second
Pitching: LHP Ossie Wong
Batting: LHB Justin Long 0-0: Called Strike
0-1: Called Strike
0-2: Foul Ball, location: 2F
0-2: Foul Ball, location: 2F
0-2: Ball
1-2: Fly out, F8 (Flyball, 78D, EV 104.4 MPH)
Pitching: RHP Alexzander Pragalsingh
Batting: RHB Trystan Didkowsky 0-0: Called Strike
0-1: Ball
1-1: Ball
2-1: DOUBLE (Groundball, 5L, EV 105.0 MPH)
Elias Howard scores
Justin Rice to third
Batting: SHB Bryson Daly 0-0: Ball
1-0: Called Strike
1-1: Ball
2-1: Ball
3-1: Called Strike
3-2: Base on Balls
Batting: LHB Cole Hasten 0-0: Foul Ball, location: 2F
0-1: GRAND SLAM HOME RUN (Flyball, 9LD, EV 93.8 MPH), Distance : 342 ft
Pitching: RHP Talfryn Hansen
Batting: LHB Riley Clifford 0-0: Called Strike
0-1: Ball
1-1: Ball
2-1: Foul Ball, location: 2F
2-2: Strikes out swinging
Bottom of the 7th over - 5 runs, 4 hits, 0 errors, 0 left on base; Niagara Falls 9 - Chesapeake 8
TOP OF THE 8TH
Niagara Falls Rapids batting - Pitching for Chesapeake Mallards : RHP Namon Gorlenko
Batting: RHB Jeffery Blair 0-0: Ball
1-0: Called Strike
1-1: Ball
2-1: DOUBLE (Line Drive, 78D, EV 105.0 MPH)
Batting: RHB Max Blum 0-0: Called Strike
0-1: Bunted foul
0-2: Ball
1-2: Fly out, F5 (Popup, 5SF, EV 48.8 MPH)
Batting: LHB Brody Turnbough 0-0: Ball
1-0: Foul Ball, location: 2F
1-1: Ball
2-1: Foul Ball, location: 2F
2-2: Ball
3-2: Base on Balls
Batting: SHB Dustin Gaspard 0-0: Ball
1-0: Called Strike
1-1: Ball
2-1: Swinging Strike
2-2: 3-RUN HOME RUN (Flyball, 9LD, EV 95.6 MPH), Distance : 345 ft
Pitching: LHP Keller Pailing
Batting: RHB Sean Hootman 0-0: Ball
1-0: Ball
2-0: Ball
3-0: Base on Balls
Batting: RHB Frank Taft 0-0: Ball
1-0: Ball
Sean Hootman steals 2nd base
2-0: Called Strike
2-1: Foul Ball, location: 2F
2-2: Foul Ball, location: 2F
2-2: Ground out 6-3 (Groundball, 56, EV 103.1 MPH)
Batting: SHB Cody Miller 0-0: Called Strike
0-1: Foul Ball, location: 2F
0-2: Ball
1-2: Ground out 6-3 (Groundball, 6, EV 100.0 MPH)
Top of the 8th over - 3 runs, 2 hits, 0 errors, 1 left on base; Niagara Falls 12 - Chesapeake 8
BOTTOM OF THE 8TH
Chesapeake Mallards batting - Pitching for Niagara Falls Rapids : RHP Talfryn Hansen
Batting: RHB Cristian Schmidt 0-0: Called Strike
0-1: Called Strike
0-2: Ground out 4-3 (Groundball, 4M, EV 89.4 MPH)
Batting: RHB Justin Reaves 0-0: Ground out 5-3 (Groundball, 15, EV 80.0 MPH)
Batting: RHB Elias Howard 0-0: Ball
1-0: Fly out, F3 (Line Drive, 34, EV 75.6 MPH)
Bottom of the 8th over - 0 runs, 0 hits, 0 errors, 0 left on base; Niagara Falls 12 - Chesapeake 8
TOP OF THE 9TH
Niagara Falls Rapids batting - Pitching for Chesapeake Mallards : LHP Keller Pailing
Batting: RHB Bryson Tonn 0-0: Called Strike
0-1: Ball
1-1: Ball
2-1: Ball
3-1: Base on Balls
Batting: RHB Isaac Cologgi 0-0: Bunt missed!
0-1: Bunted foul
0-2: Ball
1-2: Ball
Wild Pitch!
Bryson Tonn to second
2-2: Strikes out swinging, 2-3 out at first.
Batting: RHB Jeffery Blair 0-0: Fly out, F8 (Flyball, 8RM, EV 84.4 MPH)
Pitching: RHP Bret Reyes
Batting: RHB Max Blum 0-0: Called Strike
0-1: Ball
1-1: SINGLE (Groundball, 5L, EV 78.8 MPH) (infield hit)
Bryson Tonn to third
Batting: LHB Brody Turnbough 0-0: Ball
1-0: Swinging Strike
1-1: Called Strike
1-2: Ball
2-2: Foul Ball, location: 2F
2-2: Ball
3-2: Base on Balls
Max Blum to second
Batting: SHB Dustin Gaspard 0-0: Called Strike
0-1: Ball
1-1: Fly out, F8 (Flyball, 8LD, EV 95.0 MPH)
Top of the 9th over - 0 runs, 1 hit, 0 errors, 3 left on base; Niagara Falls 12 - Chesapeake 8
BOTTOM OF THE 9TH
Chesapeake Mallards batting - Pitching for Niagara Falls Rapids : RHP Talfryn Hansen
Batting: LHB Justin Rice 0-0: Called Strike
0-1: Swinging Strike
0-2: Strikes out looking
Batting: LHB Justin Long 0-0: Called Strike
0-1: SINGLE (Line Drive, 8RS, EV 101.9 MPH)
Batting: RHB Trystan Didkowsky 0-0: Ball
1-0: Ball
2-0: Ball
3-0: Called Strike
3-1: Foul Ball, location: 2F
3-2: Foul Ball, location: 2F
3-2: Strikes out looking
Batting: SHB Bryson Daly 0-0: Called Strike
0-1: Ball
1-1: Ball
2-1: Ground out 1-3 (Groundball, 34S, EV 67.5 MPH)
Bottom of the 9th over - 0 runs, 1 hit, 0 errors, 1 left on base; Niagara Falls 12 - Chesapeake 8
Monday, April 29th , 2024 - OOTP Baseball 23.10 Build 110